 Dungeon Crawl Stone Soup version 0.31-a0-331-geda263fcf1 (webtiles) character file.

Game seed: 8360838383109897511

64 mopl the Changeling (level 4, 0/45 HPs)
             Began as an Octopode Shapeshifter on July 19, 2023.
             Slain by a goblin
             ... wielding a +0 dagger
             ... led by Robin
              (4 damage)
             ... on level 2 of the Dungeon.
             The game lasted 00:01:16 (771 turns).

mopl the Changeling (Octopode Shapeshifter)          Turns: 771, Time: 00:01:16

Health: 0/45       AC: 22    Str: 14    XL:     4   Next: 12%
Magic:  4/4        EV:  2    Int: 10    God:
Gold:   71         SH:  0    Dex: 14    Spells: 3/3 levels left

rFire   . .          .
                       - Unarmed
rCold   . . .        (no shield)
rNeg    . . .        (helmet currently unavailable)
rPois   +            (no amulet)
rElec   .            l - +4 ring of slaying
rCorr   .            (no ring)
SInv    .            (no ring)
Will    .....        (no ring)
Stlth   +            (no ring)
HPRegen 0.27/turn    (no ring)
MPRegen 0.09/turn    (no ring)
                     (no ring)

%: no passive effects
@: tree-form
A: stationary, stasis, torment immunity, boosted hp, almost no armour,
(amphibious), 8 rings, (camouflage 1), (gelatinous body 1), (nimble swimmer 1),
(tentacles)
a: no special abilities


You were on level 2 of the Dungeon.
You were a tree.
You visited 1 branch of the dungeon, and saw 2 of its levels.

You collected 71 gold pieces.

Inventory:

Jewellery
 l - a +4 ring of slaying (left branch)
Talismans
 b - a beast talisman
Scrolls
 d - 2 scrolls of fear {unknown}
 e - a scroll of silence {unknown}
 f - 2 scrolls of poison {unknown}
 h - a scroll of enchant armour {unknown}
 i - 2 scrolls of teleportation {unknown}
 j - a scroll of blinking {unknown}
 k - a scroll of revelation {unknown}
 m - a scroll of fog {unknown}
 p - a scroll of identify {unknown}
Potions
 c - a potion of cancellation {unknown}
 g - a potion of enlightenment {unknown}
 n - a potion of might {unknown}
 o - a potion of haste {unknown}


   Skills:
 + Level 2.4 Fighting
 + Level 2.4 Dodging
 * Level 3.0 Unarmed Combat
 * Level 3.5 Shapeshifting


You had 3 spell levels left.
You didn't know any spells.
Your spell library was empty.

Dungeon Overview and Level Annotations

Branches:
Dungeon (2/15)

Altars:

Annotations:
D:2 Robin


Innate Abilities, Weirdness & Mutations

You are a tree.
Your roots penetrate the ground, keeping you stationary.
You cannot be teleported.
You are immune to unholy pain and torment.
Your maximum health is greatly increased.
You cannot wear most types of armour.
((You are amphibious.))
You can wear up to eight rings at the same time.
((Your skin changes colour to match your surroundings (Stealth+).))
((Your rubbery body absorbs attacks. (AC +1, EV +1)))
((You are camouflaged when in or above water. (Stealth+)))
((You have tentacles for arms and can constrict up to eight enemies at once.))


Message History

Robin roars a battlecry!
The goblins go into a battle-frenzy!
The rat bites you. The goblin barely misses you. x2
A goblin comes into view. It is wielding a +0 club.
The goblin shouts!
You release your grip on the goblin.
The goblin attacks as you move away! The goblin hits you with a +0 club.
Robin throws the goblin at you! The goblin hits you with a +0 dagger.
The goblin hits you but does no damage.
Unknown command.
The rat attacks as you move away! The rat completely misses you.
The goblin attacks as you move away! The goblin barely misses you.
Robin throws the goblin at you! The goblin closely misses you.
The goblin hits you with a +0 club!
* * * LOW HITPOINT WARNING * * *
The goblin attacks as you move away! The goblin hits you with a +0 dagger.
* * * LOW HITPOINT WARNING * * *
The goblin attacks as you move away! The goblin barely misses you.
Really quaff
a - a potion of lignification {!q}? [Y]es or [N]o only, please.
Really quaff
a - a potion of lignification {!q}? [Y]es or [N]o only, please.
Really quaff
a - a potion of lignification {!q}?
Really quaff the potion of lignification?
Your transformation has ended.
You turn into a tree.
Your roots penetrate the ground.
The goblin hits you but does no damage.
You smack the goblin!
You kill the goblin!
You smack the rat!
You kill the rat!
You closely miss the goblin. The goblin hits you but does no damage.
You smack the goblin!
You kill the goblin!
You closely miss the goblin.
The goblin is heavily wounded.
The goblin hits you but does no damage.
You closely miss the goblin.
The goblin is heavily wounded.
The goblin hits you with a +0 dagger.
You die...

..... .................#...
.(g.####.##..#.#.###........
#..gg............ #.#.<#...
#.g................#......
#......g............#.....
#.)...ggg......(.[.......
#....g.gg##.....###..#...
#....###g##.#### ##.##...
#....# #♣##.# ##..##...
#....# #.##.#####...#....
##....# #.##.#............
##.....###............##...
#.).#..##....##...######...
#.#....##...####### ##..
#.#..####.>## #..
#.#..###...# .. #.#..#>...##
##


You could see Robin and 6 goblins.

Vanquished Creatures
  A worm (D:2)
  4 dart slugs
  2 ball pythons (D:1)
  4 endoplasms
  A giant cockroach (D:2)
  10 goblins
  2 hobgoblins (D:1)
  4 jackals (D:1)
  3 quokkas
  3 bats
  2 frilled lizards (D:1)
  5 kobolds
  7 rats
48 creatures vanquished.

Notes
Turn   | Place    | Note
-------+----------+-------------------------------------------
     0 | D:1      | mopl the Octopode Shapeshifter began the quest for the Orb.
     0 | D:1      | Reached XP level 1. HP: 14/14 MP: 1/1
    43 | D:1      | Reached XP level 2. HP: 14/19 MP: 2/2
   198 | D:1      | Reached XP level 3. HP: 22/24 MP: 3/3
   688 | D:2      | Reached XP level 4. HP: 28/30 MP: 4/4
   754 | D:2      | Noticed Robin
   757 | D:2      | Reached skill level 3 in Unarmed Combat
   763 | D:2      | HP: 1/30 [goblin/+0 dagger[Robin] (2)]
   771 | D:2      | Slain by a goblin

Illustrated notes

Levels and vault maps discovered:
D:1:      dpeg_arrival_round_c, layout_basic
D:2:      layout_rooms, amcnicky_mini_pool_small, uniq_robin,
          uniq_crazy_yiuf_cottage

Skill      XL: |  1  2  3  4 |
---------------+-------------+-----
Unarmed Combat | 3 |  3.0
Fighting       | |  2.4
Dodging        | |  2.4
Shapeshifting  | |  3.5

Action                     |  1- 3 |  4- 6 || total
---------------------------+-------+-------++-------
  Melee: Unarmed           |    73 |    11 ||    84
         Constrict         |    26 |     1 ||    27
         Tentacles         |    12 |       ||    12
         Punch             |     3 |       ||     3
    Use: Potion            |       |     1 ||     1
   Stab: Sleeping          |     5 |     1 ||     6
 Armour: Skin              |     4 |     4 ||     8
  Dodge: Dodged            |    31 |     9 ||    40

Table legend: (Time is in decaauts)
 A = Elapsed time spent in this place.
 B = Non-inter-level travel time spent in this place.
 C = Inter-level travel time spent in this place.
 D = Time resting spent in this place.
 E = Time spent auto-exploring this place.
 F = Levels seen in this place.
 G = Mean time per level.
                   A        B        C        D        E       F      G
               +--------+--------+--------+--------+--------+-----+--------+
         Total |    766 |    726 |     40 |     29 |    438 |   2 |  383.0 |
       Dungeon |    766 |    726 |     40 |     29 |    438 |   2 |  383.0 |
               +--------+--------+--------+--------+--------+-----+--------+

Top non-repeatable levels by time:
     D:1: 557 daAuts
     D:2: 209 daAuts
